 Dungeon Crawl Stone Soup version 0.13.0-18-g7b03ea5 (webtiles) character file.

46 4tharraofdagon the Vexing (level 2, -1/13 HPs)
             Began as a Spriggan Enchanter on Oct 22, 2013.
             Hit by a dart of frost thrown by a kobold (4 damage)
             ... on Level 1 of the Dungeon.
             The game lasted 00:01:34 (298 turns).

4tharraofdagon the Vexing (Spriggan Enchanter)       Turns: 298, Time: 00:01:34

HP  -1/13        AC  3     Str  4      XL: 2   Next: 13%
MP   1/6         EV 18     Int 16      God:
Gold 35          SH  0     Dex 16      Spells:  2 memorised,  1 level left

Res.Fire  : . . .   See Invis. : +   a - +1 dagger {=f}
Res.Cold  : . . .   Warding    : .   b - +1 robe
Life Prot.: . . .   Conserve   : .   (shield restricted)
Res.Poison: .       Res.Corr.  : .   (helmet restricted)
Res.Elec. : .       Clarity    : .   (no cloak)
Sust.Abil.: . .     Spirit.Shd : .   (gloves unavailable)
Res.Mut.  : .       Stasis     : .   (boots unavailable)
Res.Rott. : .       Flight     : .   (no amulet)
Saprovore : . . .                    (no ring)
                                     (no ring)

@: very slightly contaminated, very quick, slightly resistant to hostile
enchantments, stealthy
A: unfitting armour, see invisible, herbivore 3, speed 3, slow metabolism 2
a: no special abilities


You were on level 1 of the Dungeon.
You were not hungry.

You visited 1 branch of the dungeon, and saw 1 of its levels.

You collected 15 gold pieces.

Inventory:

Hand weapons
 a - a +1,+1 dagger (weapon) {=f}
Missiles
 d - 12 darts (quivered)
Armour
 b - a +1 robe (worn)
Scrolls
 f - a scroll of fog {unknown}
 g - 2 scrolls of identify {unknown}
 h - a scroll of enchant armour {unknown}
 i - a scroll of amnesia {unknown}
Potions
 e - a potion of porridge
Books
 c - a book of Maledictions

   Spells                             Type                      Level
   *Corona                            Hexes                        1
   Sure Blade                         Hexes/Charms                 2
   *Ensorcelled Hibernation           Hexes/Ice                    2
   Confuse                            Hexes                        3
   Enslavement                        Hexes                        4
   Invisibility                       Hexes                        6


   Skills:
 * Level 1.9 Short Blades
 - Level 1.1 Throwing
 - Level 3.0 Dodging
 + Level 3.0 Stealth
 + Level 1.9 Spellcasting
 + Level 3.7 Hexes


You had one spell level left.
You knew the following spells:

 Your Spells              Type           Power        Failure   Level  Hunger
a - Corona                Hex            ##.....      6%          1    #......
b - Ensorcelled Hibernat  Hex/Ice        #.....       17%         2    ###....


Dungeon Overview and Level Annotations

Branches:
Dungeon (1/27)

Altars:


Innate Abilities, Weirdness & Mutations

You are tiny and cannot use many weapons and most armour.
You have supernaturally acute eyesight.
You are a herbivore.
You cover ground extremely quickly.
You need consume almost no food.


Message History

* * * LOW HITPOINT WARNING * * *
Casting: Ensorcelled Hibernation
Confirm with . or Enter, or press ? or * to list all spells.
Aiming: Ensorcelled Hibernation
Press: ? - help, Shift-Dir - straight line, f/p - jackal
Aim: a jackal The jackal looks drowsy...
The helpless jackal fails to defend itself.
You puncture the jackal!
You kill the jackal!
Found 19 stones.
Found 19 bolts.
Autopickup is now off.
A kobold comes into view.
You see here an apple.
Eat an apple? (ye/n/q/i?)
You continue eating.
The kobold shouts!
The kobold throws a dart of frost.
The dart of frost hits you!
You die...

#..#....#
#.###########.#
#h.#....# #.# #.#
#..#....# #.# #.#
#..##.### #.#
##.## #..##.# #.#
#...## #..##.# #.#
#.....
###..##.#####.####
#...##
#....##.#........#
#...#
#....##h#...@....#
#...#
#....##.#........#
#...#
#....##.#........#
#...#
#....##.#.(......#
#...#
#....##.#(.......#
#####
#.......#........#
####.............#
######........
...K.


You could see a kobold.

Vanquished Creatures
  6 jackals (D:1)
  4 rats (D:1)
10 creatures vanquished.

Notes
Turn   | Place    | Note
--------------------------------------------------------------
     0 | D:1      | 4tharraofdagon, the Spriggan Enchanter, began the quest for the Orb.
     0 | D:1      | Reached XP level 1. HP: 9/9 MP: 4/4
     2 | D:1      | Noticed an elf
     4 | D:1      | Noticed a vampire
     4 | D:1      | Noticed a dwarf
     6 | D:1      | Noticed a draconian
     8 | D:1      | Noticed an ogre
     8 | D:1      | Noticed a demonspawn
    10 | D:1      | Noticed a spriggan
    10 | D:1      | Noticed an octopode
    12 | D:1      | Noticed a merfolk
    12 | D:1      | Noticed a tengu
    14 | D:1      | Noticed a demigod
    14 | D:1      | Noticed a felid
    16 | D:1      | Noticed a ghoul
    16 | D:1      | Noticed a troll
    18 | D:1      | Noticed a centaur
    20 | D:1      | Noticed a naga
    20 | D:1      | Noticed a minotaur
    22 | D:1      | Noticed a human
   176 | D:1      | Reached XP level 2. HP: 1/13 MP: 3/6
   272 | D:1      | Learned a level 2 spell: Ensorcelled Hibernation
   298 | D:1      | Hit by a dart of frost thrown by a kobold

Action                   || total
-------------------------++-------
Melee: Dagger            ||    42
 Cast: Corona            ||    10
       Ensorcelled Hiber ||     2
 Stab: Sleeping          ||     1
